 Dungeon Crawl Stone Soup version 0.17-a0-1567-gdd419b1 (webtiles) character file.

134288 urechis the Brawler (level 16, -14/158 HPs)
             Began as a Troll Monk on July 22, 2015.
             Was the Champion of Ru.
             Demolished by Aizul (37 damage)
             ... on level 1 of the Swamp.
             The game lasted 01:49:58 (30265 turns).

urechis the Brawler (Troll Monk)                   Turns: 30265, Time: 01:49:59

Health: -14/158    AC: 21    Str: 28    XL:     16   Next: 61%
Magic:  15/15      EV: 10    Int:  6    God:    Ru [******]
Gold:   3703       SH: 19    Dex: 12    Spells: 0 memorised, 15 levels left

rFire  x . .     SeeInvis .       - Unarmed
rCold  + + .     Clarity  .     g - +0 ice dragon armour
rNeg   + . .     SustAt   .     K - +0 large shield
rPois  .         Gourm    +     U - +1 hat
rElec  .         Spirit   .     q - +0 cloak
rCorr  .         Warding  +     (gloves unavailable)
rMut   .         Stasis   .     (boots unavailable)
MR     +....                    o - amulet of warding
Stlth  ..........               Q - +3 ring of protection
                                t - +3 ring of evasion

@: lethally poisoned (-14 -> -41), no potions, somewhat resistant to hostile
enchantments, extremely unstealthy
A: unfitting armour, claws 3, fast metabolism 3, gourmand, regeneration 2,
shaggy fur 1, tough skin 2, inability to drink while threatened, inability to
use devices, hated by all, inability to train dodging
a: Draw Out Power, Power Leap, Apocalypse, Renounce Religion


You were on level 1 of the Swamp.
You worshipped Ru.
Ru was exalted by your worship.
You were near starving.

You visited 6 branches of the dungeon, and saw 30 of its levels.
You visited the Abyss 1 time.
You also visited: Ice Cave.

You collected 3703 gold pieces.

Inventory:

Missiles
 I - 36 large rocks (quivered)
 S - 2 throwing nets
Armour
 g - a +0 ice dragon armour (worn)
 q - a +0 cloak (worn)
 K - a +0 large shield (worn)
 U - a +1 hat (worn)
Jewellery
 o - an amulet of warding (around neck)
 t - a +3 ring of evasion (left claw)
 v - an uncursed ring of poison resistance
 z - an uncursed ring of protection from fire
 Q - a +3 ring of protection (right claw)
Scrolls
 f - 5 scrolls of magic mapping
 h - 9 scrolls of remove curse
 j - 6 scrolls of fog
 l - 4 scrolls of teleportation
 u - a scroll of fear
 D - a scroll of holy word
 E - a scroll of blinking
 Z - 2 scrolls of enchant armour
Potions
 d - a potion of beneficial mutation {unknown}
 e - 2 potions of might
 i - 4 potions of agility
 k - 3 potions of invisibility
 n - 10 potions of curing
 s - a potion of magic {unknown}
 x - a potion of cure mutation {unknown}
 B - 2 potions of cancellation
 F - a potion of mutation {unknown}
 G - 5 potions of flight
 J - 2 potions of resistance
 M - 2 potions of degeneration {unknown}
 R - a potion of haste {unknown}
 T - 3 potions of brilliance {unknown}
 W - 3 potions of berserk rage
 Y - 3 potions of heal wounds
Comestibles
 b - 20 bread rations
 c - 11 meat rations
 m - 3 fruits
 w - 4 beef jerkies
 A - 18 royal jellies
 O - 9 slices of pizza


   Skills:
 - Level 10.0 Fighting
 - Level 12.0 Throwing
 - Level 10.1 Armour
 - Level 1.1 Stealth
 + Level 11.9 Shields
 - Level 17.0 Unarmed Combat


You had 15 spell levels left.
You didn't know any spells.

Dungeon Overview and Level Annotations

Branches:
Dungeon (15/15)            Temple (1/1) D:6            Lair (8/8) D:9
  Swamp (1/4) Lair:4       Spider (0/4) Lair:3        Slime (1/6) Lair:6
    Orc (4/4) D:12            Elf (0/3) Orc:3        Vaults (0/5) D:13
 Depths (0/5) D:15

Altars:
Ashenzari
Cheibriados
Dithmenos
Elyvilon
Fedhas
Gozag
Kikubaaqudgha
Makhleb
Nemelex Xobeh
Okawaru
Qazlal
Ru
Sif Muna
Trog
Vehumet
Xom
Yredelemnul
Zin
The Shining One
Beogh

Shops:
D:5 (   D:10 %   D:14 ?   Orc:4 :[([

Portals:
Hell: Lair:8
Trove: D:11 (give horn of Geryon)

Annotations:
Swamp:1 Aizul


Innate Abilities, Weirdness & Mutations

You are too large for most types of armour.
You have claws for hands.
Your metabolism is lightning-fast.
You like to eat raw meat.
You heal very quickly.
You are covered in fur (AC +1).
You have very tough skin (AC +2).
You cannot drink potions while threatened.
You cannot study or use magical devices.
You are hated by all.
You cannot train Dodging skill.


Message History

You cannot drink potions in your current state!
You closely miss Aizul.
Aizul is heavily wounded.
You are engulfed in noxious fumes.
You feel very sick. Aizul hits you!
* * * LOW HITPOINT WARNING * * *
You're too confused!
You scratch Aizul but do no damage.
Aizul is heavily wounded.
You feel less confused.
* * * LOW HITPOINT WARNING * * *
You feel very sick. You block the swamp drake's attack.
Aizul coils himself and waves his upper body at you.
You fall asleep.
* * * LOW HITPOINT WARNING * * *
You feel very sick. Aizul hits you!!!
You wake up.
You die...

≈.≈♣ ♣♣♣♣♣♣♣♣♣♣♣♣.≈≈..♣♣.≈.♣♣♣♣♣
≈≈.. ♣.....♣ ♣♣♣.≈≈........≈♣
≈≈≈≈. ♣.≈≈≈.♣♣ ♣≈§...>.≈≈.≈≈≈.♣♣
≈≈≈≈.♣♣.≈≈≈..♣♣♣≈≈≈≈..≈≈≈≈≈≈≈≈)♣
≈≈≈≈.≈♣≈≈≈≈..≈♣♣♣.≈≈..≈≈≈.≈≈≈≈≈♣
≈≈≈...≈.....♣♣♣♣♣........≈.....♣♣
≈≈..≈≈≈≈.....♣♣♣.≈.....♣♣♣≈.≈≈..≈
.D(.≈.≈≈≈.≈≈..≈..≈≈≈♣.≈.♣♣♣♣.≈≈..
....♣.≈≈≈..≈≈.(S@...♣...♣ ♣♣..≈.
♣♣♣♣≈...♣...≈≈≈k(...♣♣♣♣♣ ♣♣...
≈...♣♣♣♣..≈≈≈≈.≈≈...♣♣♣♣ ♣♣♣≈
..♣♣. ♣♣....§..≈≈.....♣♣ ♣♣ ♣≈ ≈♣
♣≈....♣≈♣♣...≈.≈≈≈♣ ♣
♣♣♣..♣♣♣÷.≈≈.≈....♣ ♣ ♣♣♣♣
♣.≈...[..♣♣♣ ♣ ♣≈.♣♣♣.≈≈..§♣♣♣ .♣
..≈..≈♣.....≈.♣


You could see Aizul (bleeding) and a swamp drake.

Vanquished Creatures
  Rupert (D:12)
  An orc warlord (Orc:4)
  Maud (Lair:3)
  Louise (D:15)
  Azrael (Orc:4)
  A dire elephant (Lair:8)
  Snorg (Lair:4)
  2 vault guards (D:13)
  An ogre mage (D:15)
  2 ice dragons (D:15)
  Harold (Lair:2)
  9 hydras
  3 centaur warriors (D:14)
  Erica (Lair:2)
  A tengu warrior (D:13)
  3 orc high priests (Orc:4)
  5 death yaks
  Urug (D:11)
  Sonja (Lair:4)
  Nergalle (Orc:3)
  The ghost of BobbyTwoHands the Slicer, an experienced KoAr of Nemelex Xobeh (D:12)
  5 skeletal warriors (D:14)
  A swamp dragon (Swamp:1)
  4 unseen horrors
  2 ice devils (D:14)
  A shambling mangrove (Swamp:1)
  A lindwurm (Lair:8)
  3 ice statues (IceCv)
  7 hill giants
  5 orc sorcerers
  A wizard (Lair:8)
  A griffon (Lair:8)
  4 orc knights
  22 ugly things
  A manticore (D:9)
  8 cyclopes
  5 black mambas
  27 elephants
  Maurice (D:9)
  A torpor snail (Lair:7)
  A smoke demon (Lair:8)
  15 spiny frogs
  Psyche (D:8)
  An orange demon (Lair:8)
  A gargoyle (D:13)
  A kobold demonologist (D:11)
  4 fire drakes
  A hellwing (Lair:8)
  4 red devils (Lair:8)
  8 komodo dragons
  2 guardian mummies (D:15)
  A two-headed ogre (D:11)
  5 trolls
  3 blue devils (Lair:8)
  A polar bear (Lair:3)
  A queen bee (D:15)
  2 tengu conjurers
  2 hornet zombies (D:15)
  2 giant leeches (Swamp:1)
  15 blink frogs
  A bog body (Swamp:1)
  7 slime creatures
  A trapdoor spider (D:13)
  3 wraiths (D:13)
  Sigmund (D:2)
  A spriggan (D:9)
  4 fire elementals (Orc:4)
  3 vampire mosquitoes (Swamp:1)
  2 shadows
  A deep elf mage (D:12)
  2 steam dragons
  13 hippogriffs
  Grum (D:11)
  14 wolves
  4 basilisks
  A wyvern (D:10)
  84 yaks
  15 water moccasins
  3 hungry ghosts
  3 swamp worms (Swamp:1)
  2 mottled dragons (D:13)
  Edmund (D:5)
  14 porcupines
  2 wargs
  2 hell hounds
  Duvessa (D:5)
  11 ice beasts
  2 phantoms
  A black bear (D:9)
  36 orc warriors
  An eye of draining (D:15)
  3 sky beasts
  5 wasps
  A necrophage (D:12)
  22 centaurs
  14 ogres
  26 crocodiles
  Blork the orc (D:15)
  2 big kobolds
  Dowan (D:5)
  28 giant frogs
  4 scorpions
  60 killer bees
  5 wights (D:15)
  3 electric eels (Lair:2)
  7 crimson imps
  6 hounds
  4 centaur zombies
  A quasit (D:5)
  2 wasp zombies
  4 giant frog zombies
  An iron imp (D:4)
  36 orc wizards
  38 orc priests
  5 centaur skeletons
  2 giant frog skeletons
  16 jellies
  10 iguanas
  11 worker ants
  16 sheep
  A hound skeleton (D:10)
  A hound zombie (D:10)
  4 mummies (D:15)
  A worker ant zombie (D:8)
  Robin (D:2)
  45 river rats
  10 adders
  10 gnolls
  6 shadow imps
  An ooze (Lair:6)
  3 adder skeletons
  A worm (Lair:3)
  The ghost of herpmino the Charmwright, a weakling FoSk (D:15)
  2 giant geckos
  249 orcs
  13 bats
  4 bat skeletons
  3 bat zombies
  10 giant cockroaches
  35 goblins
  23 hobgoblins
  3 giant gecko skeletons
  6 giant newts
  20 jackals
  23 kobolds
  9 quokkas
  A quokka zombie (D:6)
  10 rats
  3 fungi (Lair:8)
  A plant (Lair:2)
1281 creatures vanquished.

Vanquished Creatures (others)
  A salamander stormcaller (D:15)
  A sun demon (Lair:8)
  An orc knight (Orc:3)
  A red devil (Lair:8)
  A warg (Orc:4)
  An orc warrior (Orc:4)
  A swamp drake (Swamp:1)
  A killer bee (D:9)
  An orc wizard (Orc:4)
  2 orc priests
  4 orcs
  A bat (D:7)
  A goblin (Orc:1)
  A bush (D:9)
  2 fire vortices (D:15)
  10 fungi
  17 plants
47 creatures vanquished.

Grand Total: 1328 creatures vanquished

Notes
Turn   | Place    | Note
--------------------------------------------------------------
     0 | D:1      | urechis the Troll Monk began the quest for the Orb.
     0 | D:1      | Reached XP level 1. HP: 22/22 MP: 0/0
   222 | D:1      | Reached XP level 2. HP: 26/29 MP: 1/1
  1020 | D:2      | Noticed Robin
  1042 | D:2      | Reached XP level 3. HP: 36/36 MP: 2/2
  1067 | D:2      | Killed Robin
  1238 | D:2      | Noticed Sigmund
  1241 | D:2      | Reached skill level 5 in Unarmed Combat
  1571 | D:2      | Killed Sigmund
  1571 | D:2      | Reached skill level 6 in Unarmed Combat
  1571 | D:2      | Reached XP level 4. HP: 22/46 MP: 3/3
  1571 | D:2      | Reached XP level 5. HP: 25/53 MP: 4/4
  2076 | D:3      | Reached XP level 6. HP: 60/62 MP: 5/5
  2827 | D:4      | Reached skill level 7 in Unarmed Combat
  3268 | D:4      | Reached XP level 7. HP: 70/70 MP: 6/6
  3365 | D:4      | Found a snail-covered altar of Cheibriados.
  3638 | D:5      | Entered Level 5 of the Dungeon
  3729 | D:5      | Noticed Dowan
  3731 | D:5      | Noticed Duvessa
  3763 | D:5      | Killed Duvessa
  3763 | D:5      | Reached skill level 8 in Unarmed Combat
  4010 | D:5      | Found Syurgh's Weapon Shoppe.
  4029 | D:5      | Found a shadowy altar of Dithmenos.
  4029 | D:5      | Found a bloodstained altar of Trog.
  4076 | D:5      | Killed Dowan
  4187 | D:5      | Found a bloodstained altar of Trog.
  4282 | D:5      | Noticed Edmund
  4294 | D:5      | Killed Edmund
  4294 | D:5      | Reached skill level 5 in Fighting
  4294 | D:5      | Reached XP level 8. HP: 63/80 MP: 7/7
  4320 | D:5      | Reached skill level 9 in Unarmed Combat
  4408 | D:5      | Found a burning altar of Makhleb.
  4590 | D:6      | Found an ancient bone altar of Kikubaaqudgha.
  4951 | D:6      | Found a staircase to the Ecumenical Temple.
  4966 | Temple   | Entered the Ecumenical Temple
  5369 | D:6      | Reached skill level 10 in Unarmed Combat
  5420 | D:6      | Reached skill level 1 in Armour
  5658 | D:6      | Reached XP level 9. HP: 89/89 MP: 8/8
  5660 | D:6      | Found a shadowy altar of Dithmenos.
  6455 | D:8      | Found an opulent altar of Gozag.
  6471 | D:8      | Noticed Psyche
  6489 | D:8      | Cast into the Abyss (Psyche)
  6489 | Abyss:1  | Found a corrupted altar of Lugonu.
  6508 | Abyss:1  | Found a corrupted altar of Lugonu.
  6543 | D:8      | Escaped the Abyss
  6551 | D:8      | Killed Psyche
  6593 | D:8      | Reached skill level 5 in Armour
  6893 | D:8      | Reached XP level 10. HP: 102/102 MP: 9/9
  7165 | D:9      | Reached skill level 11 in Unarmed Combat
  7347 | D:9      | Noticed a manticore
  7367 | D:9      | Killed a manticore
  7496 | D:9      | Noticed Maurice
  7514 | D:9      | Killed Maurice
  7565 | D:9      | Found a bloodstained altar of Trog.
  7733 | D:9      | Found a staircase to the Lair.
  7920 | D:9      | Reached XP level 11. HP: 60/111 MP: 10/10
  7960 | D:9      | Found a radiant altar of Vehumet.
  7961 | D:9      | Found a deep blue altar of Sif Muna.
  8058 | D:9      | Noticed a hill giant
  8066 | D:9      | Killed a hill giant
  8109 | D:10     | Entered Level 10 of the Dungeon
  8110 | D:10     | Noticed a hill giant
  8125 | D:10     | Killed a hill giant
  8125 | D:10     | Reached skill level 1 in Throwing
  8194 | D:9      | Reached skill level 12 in Unarmed Combat
  8253 | Lair:1   | Entered Level 1 of the Lair of Beasts
  8664 | Lair:2   | Noticed Erica
  8675 | Lair:2   | Killed Erica
  8756 | Lair:2   | Noticed Harold
  8770 | Lair:2   | Reached skill level 5 in Throwing
  8802 | Lair:2   | Killed Harold
  8802 | Lair:2   | Reached skill level 13 in Unarmed Combat
  9176 | Lair:3   | Reached XP level 12. HP: 109/119 MP: 11/11
  9613 | Lair:6   | Noticed a six-headed hydra
  9865 | Lair:6   | Reached skill level 14 in Unarmed Combat
  9940 | Lair:6   | Found a staircase to the Slime Pits.
 10021 | Slime:1  | Entered Level 1 of the Pits of Slime
 10021 | Slime:1  | Noticed an acid blob
 10641 | D:9      | Killed an unseen horror
 10823 | D:10     | Found Fuontoh's Food Shop.
 11117 | D:11     | Reached XP level 13. HP: 127/127 MP: 12/12
 11159 | D:11     | Noticed Grum
 11164 | D:11     | Killed Grum
 11261 | D:11     | Noticed Urug
 11279 | D:11     | Killed Urug
 11479 | D:11     | Found a portal to a secret trove of treasure.
 11750 | D:11     | Reached skill level 15 in Unarmed Combat
 12325 | D:12     | Reached skill level 10 in Throwing
 12423 | D:12     | Noticed BobbyTwoHands's ghost (experienced KoAr)
 12429 | D:12     | Killed BobbyTwoHands's ghost
 12444 | D:12     | Found a staircase to the Orcish Mines.
 12457 | D:12     | Noticed Rupert
 12468 | D:12     | Killed Rupert
 13697 | D:13     | Found a gate to the Vaults.
 13713 | D:13     | Reached skill level 16 in Unarmed Combat
 14524 | D:14     | Reached XP level 14. HP: 136/136 MP: 13/13
 14613 | D:14     | Got a thick robe
 14642 | D:14     | Found Sasyfeomm's Magic Scroll Emporium.
 15166 | D:14     | Found a frozen archway.
 15189 | IceCv    | Entered an ice cave
 15462 | D:15     | Entered Level 15 of the Dungeon
 15814 | D:15     | Found a glowing golden altar of the Shining One.
 16831 | D:15     | Noticed herpmino's ghost (weakling FoSk)
 16959 | D:15     | Noticed Louise
 16984 | D:15     | Killed Louise
 17039 | D:15     | Paralysed by an orc sorcerer for 5 turns
 17192 | D:15     | Killed herpmino's ghost
 17488 | D:14     | Reached XP level 15. HP: 138/149 MP: 14/14
 17542 | D:14     | Reached skill level 17 in Unarmed Combat
 17721 | D:15     | Reached skill level 10 in Armour
 17768 | D:15     | Noticed Blork the orc
 17802 | D:15     | Killed Blork the orc
 17813 | D:15     | Found a deep blue altar of Sif Muna.
 17915 | D:15     | Reached skill level 10 in Fighting
 18164 | D:15     | Found a staircase to the Depths.
 18650 | Temple   | Became a worshipper of Ru the Awakened
 18656 | Temple   | Gained mutation: You cannot drink potions while threatened. [Ru sacrifice]
 18656 | Temple   | Acquired Ru's first power
 18667 | Temple   | Identified the +1 robe of the Other Side {rElec rC+ SInv Stlth-} (You found it on level 14 of the Dungeon)
 18910 | Lair:1   | Reached skill level 1 in Shields
 20044 | Lair:3   | Noticed Maud
 20056 | Lair:3   | Killed Maud
 20167 | Lair:3   | Found a hole to the Spider Nest.
 20227 | Lair:3   | Noticed an eight-headed hydra
 20231 | Lair:3   | Killed an eight-headed hydra
 20727 | Lair:4   | Gained mutation: You are hated by all. [Ru sacrifice]
 20727 | Lair:4   | Acquired Ru's second power
 20848 | Lair:4   | Noticed Sonja
 20872 | Lair:4   | Killed Sonja
 21140 | Lair:4   | Found a staircase to the Swamp.
 21272 | Lair:4   | Noticed Snorg
 21280 | Lair:4   | Killed Snorg
 21649 | Lair:5   | Noticed a five-headed hydra
 21657 | Lair:5   | Killed a five-headed hydra
 21657 | Lair:5   | Reached skill level 5 in Shields
 22219 | Lair:6   | Found a sacrificial altar of Ru.
 22271 | Lair:6   | Killed a six-headed hydra
 22749 | Lair:6   | Gained mutation: You cannot study or use magical devices. [Ru sacrifice]
 22749 | Lair:6   | Acquired Ru's third power
 22749 | Lair:6   | Acquired Ru's fourth power
 22749 | Lair:6   | Acquired Ru's fifth power
 24057 | Lair:8   | Entered Level 8 of the Lair of Beasts
 24283 | Lair:8   | Reached XP level 16. HP: 158/158 MP: 15/15
 24506 | Lair:8   | Found a burning altar of Makhleb.
 24804 | Lair:8   | Found a gateway to Hell.
 25104 | Lair:8   | Reached skill level 10 in Shields
 25733 | Orc:1    | Entered Level 1 of the Orcish Mines
 25799 | Orc:1    | Found a roughly hewn altar of Beogh.
 26500 | Orc:3    | Found a staircase to the Elven Halls.
 26731 | Orc:3    | Noticed Nergalle
 26747 | Orc:3    | Killed Nergalle
 26756 | Orc:3    | Gained mutation: You cannot train Dodging skill. [Ru sacrifice]
 27613 | Orc:4    | Entered Level 4 of the Orcish Mines
 28282 | Orc:4    | Found a roughly hewn altar of Beogh.
 28283 | Orc:4    | Found Dyzesher's Armour Shoppe.
 28464 | Orc:4    | Noticed Azrael
 28482 | Orc:4    | Killed Azrael
 28645 | Orc:4    | Found a roughly hewn altar of Beogh.
 28719 | Orc:4    | Found a roughly hewn altar of Beogh.
 28720 | Orc:4    | Found Vaosaaro's Book Shop.
 29161 | Orc:4    | Found Ethricihi's Antique Weapon Shoppe.
 29162 | Orc:4    | Found a roughly hewn altar of Beogh.
 29173 | Orc:4    | Found Istiv's Antique Armour Emporium.
 29255 | Orc:4    | Found a roughly hewn altar of Beogh.
 29303 | Orc:4    | Found a roughly hewn altar of Beogh.
 29788 | Swamp:1  | Entered Level 1 of the Swamp
 30234 | Swamp:1  | Noticed Aizul
 30265 | Swamp:1  | Demolished by Aizul

Vault maps used:
D:1:      minmay_arrival_loop, st_stairs_4, grunt_decor_clamped
D:2:      uniq_robin, uniq_sigmund
D:4:      chei_slow_surprise
D:5:      makhleb_grotto_becter, gammafunk_temple_overflow_wave, first_bread,
          serial_shops, nicolae_shop_trees, hangedman_decor_riveting,
          st_stairs_5, trog_butcher_becter, uniq_duvessa, uniq_edmund
D:6:      kiku_gazebo_pond_becter, minmay_temple_entry_mist,
          nicolae_dithmenos_through_a_glass_darkly
D:8:      nicolae_gozag_seed_capital, uniq_psyche
D:9:      gammafunk_temple_overflow_statue, minmay_lair_entry_grove,
          basic_altar, grunt_pizzeria, uniq_maurice
D:10:     serial_shops, shop, feat_on_display
D:11:     nicolae_trove_entry_diagonal, uniq_grum, uniq_urug
D:12:     orc_0_dummy, uniq_rupert
D:13:     lightli_vaults_fourway_checkpoint, minmay_misc_feat_secret_circle
D:14:     portal_ice_cave_demonic_guard, serial_shops, shop
D:15:     grunt_enter_depths_hoard, serial_undead, serial_undead_c,
          serial_undead_e, serial_undead_b, serial_undead_b, serial_undead_e,
          serial_undead_c, tgw_sif, special_room, minmay_tree_intersection,
          st_stairs_8, grunt_ministairs_9, eino_tiny_chamber, minivault_25_ag,
          tso_metal_star, uniq_louise
Temple:   triangle_lava_temple_12
Lair:1:   guppyfry_lair_drakes
Lair:2:   serial_bayou_lagoon_b, uniq_erica, uniq_harold
Lair:3:   nicolae_spider_entry_non_spiders, beast_lair_carwin_2,
          infiniplex_staircase_pool, lemuel_fruit_fields, uniq_maud
Lair:4:   minmay_swamp_entry_worms, uniq_sonja, uniq_snorg
Lair:6:   minmay_slime_entry_jelly_boxes, basic_altar
Lair:7:   st_stairs_8, grunt_megastairs_3
Lair:8:   evil_forest
Swamp:1:  evilmike_swamp_ruin_house_1, swamp_pool2, uniq_aizul
Slime:1:  cheibrodos_slime_lost_civilization_5
Orc:1:    basic_altar
Orc:3:    nicolae_orc_pool_cavern, uniq_nergalle
Orc:4:    grunt_orc_community_town_hall, grunt_orc_community_big_house_1,
          grunt_orc_community_big_house_1, grunt_orc_community_house_3,
          grunt_orc_community_house_2, grunt_orc_community_house_3,
          grunt_orc_community_house_2, grunt_orc_community_house_1,
          grunt_orc_community_house_2, kennysheep_orc_chapel, uniq_azrael
IceCv:    ice_cave_statue_garden_02

Action                   |  1- 3 |  4- 6 |  7- 9 | 10-12 | 13-15 | 16-18 || total
-------------------------+-------+-------+-------+-------+-------+-------++-------
Melee: Unarmed           |   120 |   175 |   342 |   797 |  1526 |   968 ||  3928
 Fire: Blowgun           |       |       |     1 |     6 |       |       ||     7
Throw: Javelin           |       |       |     2 |     8 |    29 |       ||    39
       Tomahawk          |       |       |       |     7 |     9 |       ||    16
       Large rock        |       |       |       |       |    88 |    14 ||   102
Invok: Sacrifice Drink   |       |       |       |       |     1 |       ||     1
       Sacrifice Artific |       |       |       |       |     1 |       ||     1
       Sacrifice Love    |       |       |       |       |     1 |       ||     1
       Reject Sacrifices |       |       |       |       |     1 |       ||     1
       Sacrifice Nimblen |       |       |       |       |       |     1 ||     1
 Abil: Evoke Flight      |       |       |       |       |     2 |       ||     2
  Use: Potion            |     1 |       |     1 |     1 |     1 |       ||     4
       Scroll            |       |     4 |     5 |    14 |    11 |     1 ||    35
 Stab: Sleeping          |     1 |     1 |     4 |       |       |       ||     6
       Invisible         |       |       |       |       |     5 |     6 ||    11
       Distracted        |       |       |       |       |     3 |     3 ||     6
       Paralysed         |       |       |       |       |       |    11 ||    11
  Eat: Chunk             |    17 |    15 |    35 |    39 |   101 |    49 ||   256
       Fruit             |       |       |       |       |    18 |       ||    18
